[ AOE2 MATCH · #479939359 ]
Team RMCelts vs Portuguese
[ REPLAY ANALYSIS · EXTRACTED FROM THE RECORDED GAME ]
Feudal
15:27
Castle
24:43
Imperial
—
| APM avg | 15.9 |
| APM peak | 28 |
| eAPM avg | 11.9 |
| Villagers / military | 83 / 84 |
Focus
⚔️ 31.1% · 🌾 68.9%
Militia ×26 · Spearman ×23 · Woad Raider ×15 · Mangonel ×13 · Battering Ram ×4 · Scorpion ×2
Feudal
14:46
Castle
18:42
Imperial
43:07
| APM avg | 15.2 |
| APM peak | 48 |
| eAPM avg | 11.5 |
| Villagers / military | 97 / 19 |
Focus
⚔️ 15.5% · 🌾 84.5%
Hussite Wagon ×10 · Battering Ram ×5 · Scout Cavalry ×2 · Hand Cannoneer ×1 · Bombard Cannon ×1
Feudal
15:04
Castle
19:49
Imperial
35:37
| APM avg | 24.0 |
| APM peak | 69 |
| eAPM avg | 14.3 |
| Villagers / military | 136 / 70 |
Focus
⚔️ 17.1% · 🌾 82.9%
Knight ×55 · Organ Gun ×11 · Trebuchet (Packed) ×3 · Scout Cavalry ×1
Feudal
15:36
Castle
21:35
Imperial
36:37
| APM avg | 15.8 |
| APM peak | 59 |
| eAPM avg | 10.0 |
| Villagers / military | 127 / 76 |
Focus
⚔️ 28.6% · 🌾 71.4%
Tarkan ×61 · Cavalry Archer ×5 · Scout Cavalry ×4 · Knight ×4 · Monk ×1 · Trebuchet (Packed) ×1
Feudal
13:23
Castle
17:50
Imperial
36:49
| APM avg | 21.7 |
| APM peak | 49 |
| eAPM avg | 11.1 |
| Villagers / military | 93 / 73 |
Focus
⚔️ 19.8% · 🌾 80.2%
Camel Scout ×38 · Knight ×26 · Camel Archer ×6 · Spearman ×1 · Mangonel ×1 · Battering Ram ×1
Feudal
13:55
Castle
19:05
Imperial
38:38
| APM avg | 27.6 |
| APM peak | 49 |
| eAPM avg | 13.3 |
| Villagers / military | 105 / 122 |
Focus
⚔️ 27.6% · 🌾 72.4%
Huskarl ×60 · Archer ×49 · Trebuchet (Packed) ×6 · Mangonel ×4 · Scout Cavalry ×2 · Battering Ram ×1
Match map
Resources at game start + every placement click. Thick line = wall · dashed box = detected house wall. 🟡 gold · ⚪ stone · 🟢 berries · 🔶 boar · ⭕ relic
Inputs per minute
— simirfan - - M.S.
Build order — simirfan
First 150 of 215 actions detected
| 1:23 | Build | Town Center |
| 2:54 | Build | House |
| 2:55 | Build | House |
| 3:54 | Research | Loom |
| 3:55 | Create | Villager (Male) ×4 |
| 5:59 | Create | Villager (Male) |
| 6:29 | Build | Lumber Camp |
| 6:33 | Create | Villager (Male) |
| 6:59 | Create | Villager (Male) |
| 7:16 | Create | Villager (Male) |
| 7:59 | Create | Villager (Male) |
| 7:59 | Create | Villager (Male) |
| 8:12 | Build | House |
| 8:15 | Build | House |
| 8:19 | Create | Villager (Male) |
| 8:46 | Create | Villager (Male) |
| 8:58 | Build | Mill |
| 9:12 | Create | Villager (Male) |
| 9:12 | Create | Villager (Male) |
| 9:47 | Create | Villager (Male) |
| 9:54 | Build | House |
| 10:13 | Create | Villager (Male) |
| 10:14 | Create | Villager (Male) |
| 10:28 | Build | House |
| 10:54 | Create | Villager (Male) |
| 11:02 | Build | Mining Camp |
| 11:20 | Create | Villager (Male) |
| 11:21 | Create | Villager (Male) |
| 11:59 | Create | Villager (Male) |
| 12:16 | Create | Villager (Male) |
| 13:05 | Build | Barracks |
| 13:17 | Research | Feudal Age |
| 14:25 | Create | Villager (Male) |
| 14:26 | Create | Villager (Male) |
| 14:45 | Create | Militia ×2 |
| 15:05 | Build | Barracks |
| 15:10 | Create | Militia |
| 15:27 | Age | Feudal Age |
| 15:30 | Research | Double-Bit Axe |
| 15:33 | Research | Gold Mining |
| 15:39 | Build | Blacksmith |
| 16:13 | Build | Market |
| 16:18 | Research | Man-at-Arms (upgrade) |
| 16:23 | Create | Spearman ×2 |
| 16:36 | Create | Villager (Male) |
| 16:37 | Create | Villager (Male) |
| 17:21 | Research | Scale Mail Armor |
| 17:22 | Research | Forging |
| 17:36 | Research | Arson |
| 18:00 | Build | Watch Tower |
| 18:05 | Create | Spearman ×2 |
| 18:16 | Build | House |
| 18:17 | Build | House |
| 18:18 | Build | House |
| 18:55 | Create | Militia ×3 |
| 19:48 | Create | Villager (Male) ×3 |
| 21:25 | Build | Mining Camp |
| 21:33 | Build | Building 487 |
| 21:39 | Build | Stone Wall |
| 21:43 | Build | Stone Wall |
| 21:45 | Build | Stone Wall |
| 22:03 | Research | Castle Age |
| 22:16 | Build | Farm |
| 22:16 | Build | Farm |
| 22:16 | Build | Farm |
| 22:17 | Build | Farm |
| 22:17 | Build | Farm |
| 22:17 | Build | Farm |
| 22:17 | Build | Farm |
| 22:17 | Build | Farm |
| 22:18 | Build | Farm |
| 22:18 | Build | Farm |
| 22:18 | Build | Farm |
| 22:19 | Build | Farm |
| 22:38 | Build | Stone Wall |
| 22:49 | Create | Militia |
| 23:09 | Create | Militia |
| 24:06 | Create | Militia |
| 24:35 | Create | Militia |
| 24:43 | Age | Castle Age |
| 24:50 | Build | Siege Workshop |
| 24:56 | Create | Militia |
| 25:14 | Create | Militia |
| 25:34 | Create | Villager (Male) |
| 25:34 | Create | Villager (Male) |
| 25:44 | Build | Town Center |
| 26:14 | Create | Villager (Male) |
| 26:14 | Create | Villager (Male) |
| 26:14 | Create | Villager (Male) |
| 26:38 | Create | Mangonel |
| 26:50 | Create | Villager (Male) ×2 |
| 27:03 | Build | Town Center |
| 27:17 | Create | Villager (Male) |
| 27:30 | Create | Battering Ram |
| 27:42 | Create | Militia |
| 27:42 | Create | Militia |
| 27:42 | Create | Militia |
| 28:10 | Create | Battering Ram |
| 28:14 | Create | Militia |
| 28:14 | Create | Militia |
| 28:27 | Create | Villager (Male) ×2 |
| 28:35 | Build | Monastery |
| 28:50 | Create | Militia ×2 |
| 28:50 | Create | Militia ×2 |
| 29:01 | Build | Stone Wall |
| 29:09 | Create | Villager (Male) |
| 29:13 | Create | Villager (Male) |
| 29:13 | Create | Villager (Male) |
| 29:31 | Create | Monk |
| 29:46 | Research | Stone Mining |
| 30:00 | Create | Villager (Male) |
| 30:15 | Create | Battering Ram |
| 30:21 | Create | Militia |
| 30:21 | Create | Militia |
| 30:22 | Create | Militia |
| 31:14 | Create | Mangonel |
| 31:44 | Create | Villager (Male) ×5 |
| 31:57 | Create | Mangonel |
| 32:12 | Build | University |
| 32:14 | Build | House |
| 32:16 | Build | House |
| 32:32 | Create | Villager (Male) ×5 |
| 32:38 | Create | Villager (Male) ×2 |
| 33:19 | Create | Villager (Male) ×5 |
| 33:32 | Build | Siege Workshop |
| 33:36 | Build | Siege Workshop |
| 33:50 | Research | Pikeman (upgrade) |
| 33:51 | Create | Spearman ×2 |
| 33:52 | Create | Spearman ×2 |
| 34:14 | Create | Spearman ×5 |
| 34:15 | Create | Spearman ×5 |
| 34:15 | Create | Spearman |
| 34:15 | Create | Spearman |
| 34:36 | Create | Villager (Male) |
| 35:08 | Build | House |
| 35:09 | Build | House |
| 35:11 | Build | House |
| 35:12 | Build | House |
| 35:13 | Build | House |
| 36:01 | Create | Spearman |
| 36:02 | Create | Spearman |
| 36:05 | Research | Long Swordsman (upgrade) |
| 36:14 | Create | Spearman |
| 36:28 | Build | House |
| 36:39 | Create | Scorpion |
| 37:24 | Build | Lumber Camp |
| 37:26 | Create | Villager (Male) ×2 |
| 37:47 | Create | Battering Ram |
| 37:49 | Create | Militia ×2 |
| 38:06 | Create | Villager (Male) |
Build order — M.S.
First 150 of 209 actions detected
| 0:10 | Build | Town Center |
| 2:29 | Build | House |
| 2:31 | Create | Villager (Male) |
| 2:31 | Create | Villager (Male) |
| 2:31 | Create | Villager (Male) |
| 2:31 | Create | Villager (Male) |
| 2:32 | Create | Villager (Male) |
| 2:43 | Build | House |
| 3:23 | Create | Villager (Male) |
| 3:24 | Create | Villager (Male) |
| 4:14 | Build | Lumber Camp |
| 4:16 | Create | Villager (Male) |
| 4:16 | Create | Villager (Male) |
| 4:29 | Create | Villager (Male) |
| 4:30 | Create | Villager (Male) |
| 4:49 | Create | Villager (Male) |
| 4:49 | Create | Villager (Male) |
| 5:31 | Build | House |
| 5:33 | Build | House |
| 5:47 | Create | Villager (Male) |
| 5:47 | Create | Villager (Male) |
| 5:48 | Create | Villager (Male) |
| 5:48 | Create | Villager (Male) |
| 6:07 | Create | Villager (Male) |
| 6:07 | Create | Villager (Male) |
| 6:07 | Create | Villager (Male) |
| 6:26 | Create | Villager (Male) |
| 6:27 | Create | Villager (Male) |
| 6:54 | Research | Loom |
| 7:04 | Create | Villager (Male) |
| 7:16 | Create | Villager (Male) |
| 7:17 | Create | Villager (Male) |
| 7:43 | Create | Villager (Male) |
| 7:44 | Create | Villager (Male) |
| 8:46 | Create | Villager (Male) |
| 9:23 | Create | Villager (Male) |
| 10:09 | Build | Mill |
| 10:28 | Create | Villager (Male) |
| 10:28 | Create | Villager (Male) |
| 11:02 | Build | House |
| 11:11 | Create | Villager (Male) |
| 11:31 | Create | Villager (Male) |
| 11:31 | Create | Villager (Male) |
| 12:01 | Build | Mining Camp |
| 12:36 | Research | Feudal Age |
| 14:01 | Build | Mill |
| 14:38 | Create | Villager (Male) |
| 14:40 | Create | Villager (Male) |
| 14:46 | Age | Feudal Age |
| 15:01 | Build | Market |
| 15:06 | Build | Blacksmith |
| 15:25 | Create | Villager (Male) |
| 15:49 | Build | Mining Camp |
| 16:02 | Research | Castle Age |
| 16:30 | Build | Mining Camp |
| 16:37 | Research | Double-Bit Axe |
| 17:03 | Research | Town Watch |
| 17:09 | Research | Horse Collar |
| 18:42 | Age | Castle Age |
| 19:01 | Research | Wheelbarrow |
| 19:04 | Research | Bow Saw |
| 19:48 | Build | Castle |
| 20:10 | Research | Heavy Plow |
| 20:47 | Create | Villager (Male) |
| 20:47 | Create | Villager (Male) |
| 20:48 | Create | Villager (Male) |
| 20:58 | Build | Siege Workshop |
| 21:20 | Create | Villager (Male) |
| 21:33 | Build | Lumber Camp |
| 21:39 | Create | Battering Ram |
| 21:48 | Create | Villager (Male) |
| 22:20 | Create | Battering Ram |
| 22:36 | Create | Villager (Male) |
| 22:43 | Create | Battering Ram |
| 22:54 | Create | Villager (Male) |
| 23:15 | Create | Battering Ram |
| 23:22 | Create | Villager (Male) |
| 23:43 | Build | Town Center |
| 23:58 | Create | Battering Ram |
| 24:04 | Create | Hussite Wagon |
| 24:04 | Create | Hussite Wagon |
| 26:06 | Create | Villager (Male) |
| 26:06 | Create | Villager (Male) |
| 27:07 | Create | Villager (Male) |
| 27:07 | Create | Villager (Male) |
| 27:18 | Build | Farm |
| 27:18 | Build | Farm |
| 27:19 | Build | Farm |
| 27:21 | Build | Farm |
| 27:21 | Build | Farm |
| 27:21 | Build | Farm |
| 27:21 | Build | Farm |
| 28:25 | Build | Town Center |
| 28:46 | Create | Villager (Male) |
| 28:46 | Create | Villager (Male) |
| 28:48 | Create | Villager (Male) |
| 29:23 | Create | Villager (Male) |
| 29:23 | Create | Villager (Male) |
| 29:23 | Create | Villager (Male) |
| 29:34 | Create | Villager (Male) |
| 29:54 | Create | Hussite Wagon |
| 29:54 | Create | Hussite Wagon |
| 30:03 | Research | Town Patrol |
| 30:28 | Create | Hussite Wagon |
| 31:17 | Build | Castle |
| 31:54 | Create | Villager (Male) |
| 31:55 | Create | Villager (Male) |
| 31:55 | Create | Villager (Male) |
| 32:11 | Create | Villager (Male) |
| 32:11 | Create | Villager (Male) |
| 32:22 | Build | Farm |
| 32:22 | Build | Farm |
| 32:22 | Build | Farm |
| 32:23 | Build | Farm |
| 32:23 | Build | Farm |
| 32:23 | Build | Farm |
| 32:23 | Build | Farm |
| 32:24 | Build | Farm |
| 32:26 | Create | Villager (Male) |
| 32:26 | Create | Villager (Male) |
| 32:42 | Create | Villager (Male) |
| 33:17 | Create | Hussite Wagon |
| 33:33 | Create | Villager (Male) |
| 33:33 | Create | Villager (Male) |
| 34:17 | Create | Villager (Male) |
| 34:18 | Create | Villager (Male) |
| 34:39 | Build | Farm |
| 34:40 | Build | Farm |
| 34:40 | Build | Farm |
| 34:40 | Build | Farm |
| 34:40 | Build | Farm |
| 35:07 | Create | Villager (Male) |
| 35:08 | Create | Villager (Male) |
| 35:09 | Create | Hussite Wagon |
| 35:10 | Create | Hussite Wagon |
| 36:00 | Build | Castle |
| 36:10 | Research | Hand Cart |
| 36:15 | Create | Villager (Male) |
| 36:15 | Create | Villager (Male) |
| 36:55 | Build | Castle |
| 37:02 | Create | Villager (Male) |
| 37:14 | Build | Farm |
| 37:14 | Build | Farm |
| 37:15 | Build | Farm |
| 37:15 | Build | Farm |
| 37:15 | Build | Farm |
| 37:15 | Build | Farm |
| 37:16 | Build | Farm |
| 37:16 | Build | Farm |
| 37:16 | Build | Farm |
Build order — JPP1998
First 150 of 311 actions detected
| 0:31 | Build | Town Center |
| 2:58 | Create | Villager (Male) |
| 2:58 | Create | Villager (Male) |
| 2:58 | Create | Villager (Male) |
| 2:58 | Create | Villager (Male) |
| 2:59 | Create | Villager (Male) |
| 3:46 | Build | Lumber Camp |
| 3:52 | Build | House |
| 4:27 | Create | Villager (Male) |
| 4:28 | Create | Villager (Male) |
| 5:07 | Create | Villager (Male) |
| 5:44 | Create | Villager (Male) |
| 6:06 | Create | Villager (Male) |
| 6:07 | Create | Villager (Male) |
| 6:07 | Create | Villager (Male) |
| 6:26 | Build | House |
| 6:43 | Create | Villager (Male) |
| 6:43 | Create | Villager (Male) |
| 6:50 | Build | House |
| 7:00 | Create | Villager (Male) |
| 7:36 | Create | Villager (Male) |
| 7:58 | Build | Mill |
| 8:00 | Create | Villager (Male) |
| 8:00 | Create | Villager (Male) |
| 8:12 | Research | Loom |
| 8:16 | Create | Villager (Male) |
| 8:22 | Create | Villager (Male) |
| 8:44 | Build | Barracks |
| 8:53 | Create | Villager (Male) |
| 8:53 | Create | Villager (Male) |
| 9:20 | Create | Villager (Male) |
| 9:39 | Create | Villager (Male) |
| 10:23 | Create | Villager (Male) |
| 10:39 | Create | Villager (Male) |
| 11:13 | Build | House |
| 11:18 | Create | Villager (Male) |
| 11:39 | Build | House |
| 11:45 | Build | House |
| 11:50 | Build | Palisade Gate |
| 11:57 | Create | Villager (Male) |
| 12:35 | Build | Mining Camp |
| 12:38 | Research | Feudal Age |
| 13:35 | Build | House |
| 13:49 | Build | Palisade Wall |
| 13:58 | Create | Villager (Male) |
| 13:58 | Create | Villager (Male) |
| 15:04 | Age | Feudal Age |
| 15:09 | Create | Villager (Male) |
| 15:24 | Build | Mill |
| 15:43 | Build | Stable |
| 16:02 | Create | Villager (Male) |
| 16:34 | Build | Blacksmith |
| 16:41 | Create | Villager (Male) |
| 17:06 | Create | Scout Cavalry |
| 17:09 | Research | Castle Age |
| 17:13 | Research | Double-Bit Axe |
| 19:23 | Create | Villager (Male) |
| 19:23 | Create | Villager (Male) |
| 19:49 | Age | Castle Age |
| 19:53 | Create | Knight |
| 19:54 | Create | Knight |
| 20:05 | Build | Town Center |
| 20:08 | Create | Villager (Male) |
| 20:16 | Research | Scale Barding Armor |
| 20:21 | Build | Mill |
| 20:56 | Create | Villager (Male) |
| 20:56 | Create | Villager (Male) |
| 20:57 | Create | Villager (Male) |
| 21:02 | Create | Knight |
| 21:03 | Create | Knight |
| 21:53 | Create | Villager (Male) ×5 |
| 22:00 | Create | Villager (Male) |
| 22:15 | Build | Mill |
| 22:24 | Build | Farm |
| 22:29 | Build | Farm |
| 22:30 | Build | Farm |
| 22:37 | Create | Villager (Male) |
| 22:49 | Build | House |
| 22:50 | Build | House |
| 22:59 | Create | Villager (Male) |
| 22:59 | Create | Villager (Male) |
| 23:04 | Create | Villager (Male) |
| 23:05 | Create | Villager (Male) |
| 23:13 | Build | House |
| 23:17 | Build | Farm |
| 23:24 | Build | Mill |
| 23:32 | Build | Farm |
| 23:51 | Create | Villager (Male) |
| 23:58 | Research | Bloodlines |
| 24:23 | Create | Villager (Male) |
| 24:24 | Create | Villager (Male) |
| 24:24 | Create | Villager (Male) |
| 24:26 | Create | Villager (Male) |
| 24:44 | Create | Villager (Male) |
| 24:44 | Create | Villager (Male) |
| 25:20 | Create | Villager (Male) |
| 25:21 | Create | Villager (Male) |
| 25:21 | Create | Villager (Male) |
| 25:34 | Create | Knight |
| 25:35 | Create | Knight |
| 25:38 | Build | Stable |
| 25:41 | Create | Villager (Male) |
| 26:01 | Create | Villager (Male) |
| 26:02 | Create | Villager (Male) |
| 26:02 | Create | Villager (Male) |
| 26:07 | Build | House |
| 26:08 | Build | House |
| 26:08 | Build | House |
| 26:08 | Build | House |
| 26:13 | Build | Mill |
| 26:21 | Build | House |
| 27:09 | Create | Villager (Male) |
| 27:09 | Create | Villager (Male) |
| 27:09 | Create | Villager (Male) |
| 27:13 | Create | Villager (Male) |
| 27:14 | Create | Villager (Male) |
| 27:21 | Create | Knight |
| 27:21 | Create | Knight |
| 27:28 | Build | Castle |
| 27:35 | Create | Villager (Male) |
| 27:35 | Create | Villager (Male) |
| 27:41 | Build | Farm |
| 27:42 | Build | Farm |
| 27:43 | Build | Farm |
| 27:45 | Build | Farm |
| 27:46 | Research | Horse Collar |
| 27:58 | Research | Bow Saw |
| 27:58 | Research | Bow Saw |
| 27:59 | Research | Bow Saw |
| 28:04 | Build | House |
| 28:04 | Build | House |
| 28:04 | Build | House |
| 28:05 | Build | House |
| 28:08 | Build | Mill |
| 28:31 | Build | Town Center |
| 28:47 | Create | Knight |
| 28:47 | Create | Knight |
| 28:48 | Create | Villager (Male) |
| 28:48 | Create | Villager (Male) |
| 29:15 | Create | Villager (Male) |
| 29:18 | Build | House |
| 29:19 | Build | House |
| 29:20 | Build | House |
| 29:45 | Create | Villager (Male) |
| 29:46 | Create | Villager (Male) |
| 29:46 | Create | Villager (Male) |
| 29:46 | Create | Villager (Male) |
| 29:47 | Create | Villager (Male) |
| 29:47 | Create | Villager (Male) |
| 30:18 | Build | Mill |
Build order — Geosim
First 150 of 217 actions detected
| 0:04 | Build | Town Center |
| 2:30 | Research | Loom |
| 2:32 | Create | Villager (Male) ×4 |
| 4:20 | Create | Villager (Male) ×2 |
| 4:48 | Build | Lumber Camp |
| 4:51 | Create | Villager (Male) |
| 5:16 | Create | Villager (Male) |
| 6:01 | Create | Villager (Male) ×2 |
| 6:36 | Create | Villager (Male) |
| 7:13 | Create | Villager (Male) |
| 7:41 | Build | Mill |
| 8:02 | Create | Villager (Male) |
| 8:17 | Create | Villager (Male) |
| 8:46 | Create | Villager (Male) |
| 9:15 | Create | Villager (Male) |
| 9:15 | Create | Villager (Male) |
| 9:35 | Build | Barracks |
| 9:49 | Build | Palisade Wall |
| 9:53 | Create | Villager (Male) |
| 10:12 | Create | Villager (Male) |
| 10:23 | Build | Building 804 |
| 10:38 | Create | Villager (Male) |
| 10:40 | Create | Villager (Male) |
| 11:36 | Build | Farm |
| 11:37 | Build | Farm |
| 11:38 | Build | Farm |
| 11:38 | Build | Farm |
| 11:49 | Create | Villager (Male) |
| 11:51 | Build | Farm |
| 12:04 | Build | Farm |
| 12:08 | Build | Farm |
| 12:22 | Create | Villager (Male) |
| 12:26 | Build | Farm |
| 12:38 | Create | Villager (Male) |
| 12:52 | Build | Farm |
| 13:03 | Build | Farm |
| 13:26 | Research | Feudal Age |
| 13:26 | Research | Feudal Age |
| 13:30 | Build | Farm |
| 13:57 | Build | Mining Camp |
| 14:07 | Create | Villager (Male) |
| 14:58 | Create | Villager (Male) |
| 15:36 | Age | Feudal Age |
| 15:39 | Build | Watch Tower |
| 15:49 | Build | Stable |
| 15:51 | Research | Double-Bit Axe |
| 15:57 | Research | Gold Mining |
| 16:03 | Create | Villager (Male) |
| 16:31 | Build | Blacksmith |
| 17:05 | Create | Villager (Male) |
| 17:10 | Research | Horse Collar |
| 17:34 | Build | Market |
| 17:40 | Create | Villager (Male) |
| 17:46 | Create | Villager (Male) |
| 18:21 | Create | Villager (Male) |
| 18:49 | Build | Mining Camp |
| 18:55 | Research | Castle Age |
| 19:21 | Create | Scout Cavalry |
| 19:58 | Research | Stone Mining |
| 20:28 | Create | Villager (Male) |
| 20:52 | Research | Wheelbarrow |
| 20:53 | Research | Town Watch |
| 21:35 | Age | Castle Age |
| 21:41 | Build | Town Center |
| 21:49 | Build | Town Center |
| 21:59 | Create | Knight |
| 21:59 | Create | Knight |
| 22:33 | Create | Villager (Male) |
| 22:46 | Research | Bow Saw |
| 23:11 | Create | Scout Cavalry |
| 23:26 | Create | Villager (Male) ×4 |
| 24:02 | Create | Villager (Male) ×3 |
| 24:28 | Create | Villager (Male) ×2 |
| 24:34 | Build | Stable |
| 24:56 | Build | Stable |
| 24:58 | Build | Farm |
| 25:20 | Create | Scout Cavalry |
| 25:20 | Create | Scout Cavalry |
| 25:23 | Create | Knight |
| 25:28 | Build | Farm |
| 25:34 | Create | Villager (Male) ×2 |
| 25:34 | Create | Villager (Male) ×3 |
| 25:34 | Create | Villager (Male) |
| 25:57 | Build | Farm |
| 26:35 | Create | Knight |
| 26:44 | Build | Farm |
| 26:50 | Create | Villager (Male) ×4 |
| 26:50 | Create | Villager (Male) ×4 |
| 27:06 | Build | Castle |
| 27:19 | Build | Town Center |
| 27:22 | Create | Villager (Male) ×2 |
| 27:25 | Build | Farm |
| 27:30 | Build | Stable |
| 27:31 | Build | Stable |
| 27:32 | Build | Stable |
| 28:01 | Create | Villager (Male) ×3 |
| 28:01 | Create | Villager (Male) ×4 |
| 28:02 | Create | Villager (Male) |
| 28:05 | Build | Farm |
| 28:25 | Create | Villager (Male) ×2 |
| 28:26 | Create | Villager (Male) ×2 |
| 28:30 | Build | Farm |
| 28:45 | Build | Farm |
| 28:47 | Create | Villager (Male) |
| 28:48 | Create | Villager (Male) |
| 29:01 | Build | Farm |
| 29:02 | Build | Farm |
| 29:11 | Build | Farm |
| 29:13 | Build | Farm |
| 29:22 | Create | Villager (Male) |
| 29:24 | Create | Villager (Male) ×2 |
| 29:31 | Build | Mill |
| 29:36 | Build | Monastery |
| 29:39 | Create | Villager (Male) ×3 |
| 29:47 | Build | Stable |
| 29:55 | Research | Marauders |
| 30:02 | Build | Farm |
| 30:32 | Research | Hand Cart |
| 30:35 | Build | Farm |
| 30:38 | Build | Farm |
| 30:54 | Create | Villager (Male) ×4 |
| 30:54 | Create | Villager (Male) ×4 |
| 30:56 | Create | Villager (Male) |
| 30:56 | Create | Villager (Male) |
| 31:26 | Research | Heavy Plow |
| 31:32 | Create | Monk |
| 31:45 | Build | Stable |
| 31:48 | Create | Villager (Male) ×3 |
| 31:48 | Create | Villager (Male) ×3 |
| 31:52 | Build | Farm |
| 31:54 | Build | Farm |
| 31:56 | Build | Farm |
| 32:00 | Build | Farm |
| 32:08 | Create | Villager (Male) ×5 |
| 32:08 | Create | Villager (Male) ×5 |
| 32:09 | Create | Villager (Male) |
| 32:09 | Create | Villager (Male) |
| 32:24 | Build | Farm |
| 32:45 | Create | Villager (Male) ×5 |
| 32:45 | Create | Villager (Male) ×5 |
| 32:45 | Create | Villager (Male) |
| 32:50 | Build | Blacksmith |
| 32:57 | Build | Building 487 |
| 33:01 | Build | Stone Wall |
| 33:27 | Research | Imperial Age |
| 33:36 | Build | Farm |
| 33:42 | Build | Stable |
| 33:48 | Build | Mill |
| 34:08 | Research | Forging |
| 34:18 | Build | Farm |
Build order — Froztyfeet
First 150 of 267 actions detected
| 0:20 | Build | Town Center |
| 2:46 | Build | House |
| 2:53 | Create | Villager (Male) |
| 2:54 | Create | Villager (Male) |
| 3:22 | Create | Villager (Male) |
| 4:09 | Build | Lumber Camp |
| 4:13 | Create | Villager (Male) |
| 4:14 | Create | Villager (Male) |
| 4:48 | Create | Villager (Male) |
| 4:58 | Build | House |
| 5:18 | Create | Villager (Male) |
| 5:32 | Create | Villager (Male) |
| 5:38 | Build | House |
| 6:06 | Create | Villager (Male) |
| 6:26 | Create | Villager (Male) |
| 6:44 | Create | Villager (Male) |
| 7:03 | Create | Villager (Male) |
| 7:26 | Create | Villager (Male) |
| 7:36 | Create | Villager (Male) |
| 7:45 | Create | Villager (Male) |
| 7:53 | Create | Villager (Male) |
| 8:15 | Build | Mill |
| 8:20 | Create | Villager (Male) |
| 8:34 | Build | House |
| 9:14 | Build | House |
| 9:18 | Build | Palisade Wall |
| 9:19 | Create | Villager (Male) |
| 9:53 | Create | Villager (Male) |
| 10:12 | Create | Villager (Male) |
| 10:31 | Research | Loom |
| 11:05 | Research | Feudal Age |
| 11:32 | Build | Barracks |
| 11:45 | Create | Villager (Male) |
| 12:43 | Create | Villager (Male) |
| 13:23 | Age | Feudal Age |
| 13:36 | Build | Stable |
| 13:52 | Create | Villager (Male) |
| 14:05 | Build | Blacksmith |
| 14:40 | Create | Villager (Male) |
| 15:10 | Research | Castle Age |
| 15:18 | Build | House |
| 15:25 | Build | Mining Camp |
| 15:35 | Create | Spearman |
| 15:47 | Build | Palisade Wall |
| 15:49 | Build | Palisade Wall |
| 16:17 | Build | Palisade Wall |
| 16:47 | Research | Double-Bit Axe |
| 17:01 | Create | Villager (Male) |
| 17:30 | Research | Stone Mining |
| 17:35 | Research | Horse Collar |
| 17:50 | Age | Castle Age |
| 17:55 | Create | Villager (Male) |
| 18:23 | Create | Villager (Male) |
| 18:51 | Build | Castle |
| 18:55 | Create | Villager (Male) |
| 19:20 | Create | Villager (Male) |
| 19:22 | Build | House |
| 20:21 | Create | Camel Archer |
| 20:22 | Create | Camel Archer |
| 20:34 | Create | Villager (Male) |
| 20:57 | Create | Camel Archer |
| 21:12 | Create | Villager (Male) |
| 21:25 | Build | Town Center |
| 21:40 | Research | Fletching |
| 21:52 | Create | Camel Archer |
| 22:06 | Create | Camel Archer |
| 22:07 | Create | Villager (Male) |
| 22:28 | Build | Mill |
| 22:38 | Create | Camel Archer |
| 22:49 | Build | Farm |
| 23:02 | Build | Farm |
| 23:05 | Build | Farm |
| 23:06 | Build | Farm |
| 23:06 | Build | Farm |
| 23:19 | Create | Villager (Male) |
| 23:22 | Build | Farm |
| 23:42 | Build | Farm |
| 23:53 | Create | Villager (Male) |
| 23:57 | Build | Farm |
| 23:57 | Build | Farm |
| 23:57 | Build | Farm |
| 24:20 | Create | Villager (Male) |
| 24:31 | Build | Siege Workshop |
| 24:37 | Create | Villager (Male) |
| 24:57 | Build | Stone Wall |
| 24:58 | Build | Stone Wall |
| 25:09 | Create | Mangonel |
| 26:39 | Create | Villager (Male) |
| 27:00 | Build | House |
| 27:06 | Build | Mill |
| 27:07 | Build | Farm |
| 27:07 | Build | Farm |
| 27:08 | Build | Farm |
| 27:08 | Build | Farm |
| 27:08 | Build | Farm |
| 27:09 | Build | Farm |
| 27:09 | Build | Farm |
| 27:09 | Build | Farm |
| 27:09 | Build | Farm |
| 27:10 | Build | Farm |
| 27:10 | Create | Villager (Male) |
| 27:23 | Create | Villager (Male) |
| 27:23 | Create | Villager (Male) |
| 27:26 | Build | Farm |
| 27:30 | Research | Bow Saw |
| 27:44 | Research | Bodkin Arrow |
| 27:45 | Create | Villager (Male) |
| 27:45 | Create | Villager (Male) |
| 27:47 | Research | Wheelbarrow |
| 27:57 | Build | House |
| 27:58 | Build | House |
| 28:24 | Create | Villager (Male) |
| 28:43 | Create | Villager (Male) |
| 28:45 | Create | Villager (Male) |
| 28:57 | Research | Heavy Plow |
| 29:13 | Build | House |
| 29:14 | Create | Villager (Male) |
| 29:27 | Create | Villager (Male) |
| 29:50 | Create | Villager (Male) |
| 29:54 | Research | Hand Cart |
| 29:56 | Research | Gold Mining |
| 30:03 | Build | House |
| 30:07 | Create | Villager (Male) |
| 30:16 | Build | Mining Camp |
| 30:33 | Create | Villager (Male) |
| 30:34 | Create | Villager (Male) |
| 30:37 | Build | Farm |
| 31:00 | Create | Villager (Male) |
| 31:00 | Create | Villager (Male) |
| 31:19 | Create | Villager (Male) |
| 31:23 | Create | Villager (Male) |
| 31:29 | Research | Padded Archer Armor |
| 31:58 | Build | Mining Camp |
| 32:01 | Create | Villager (Male) |
| 32:26 | Create | Villager (Male) |
| 32:26 | Create | Villager (Male) |
| 32:45 | Create | Villager (Male) |
| 32:45 | Create | Villager (Male) |
| 32:57 | Build | Market |
| 32:59 | Create | Villager (Male) |
| 33:00 | Create | Villager (Male) |
| 33:12 | Create | Villager (Male) |
| 33:16 | Research | Gold Shaft Mining |
| 33:22 | Research | Scale Barding Armor |
| 33:30 | Research | Husbandry |
| 33:37 | Research | Imperial Age |
| 33:55 | Create | Villager (Male) |
| 34:16 | Build | Castle |
| 34:29 | Build | House |
| 34:34 | Build | Palisade Wall |
Build order — 洗勒烤喔
First 150 of 240 actions detected
| 0:16 | Build | Town Center |
| 0:23 | Build | House |
| 1:36 | Build | Mill |
| 1:37 | Build | House |
| 2:30 | Create | Villager (Male) ×4 |
| 2:30 | Create | Villager (Male) ×4 |
| 2:38 | Research | Loom |
| 2:58 | Create | Villager (Male) |
| 2:59 | Create | Villager (Male) |
| 4:05 | Create | Villager (Male) |
| 4:29 | Create | Villager (Male) |
| 4:47 | Build | House |
| 5:01 | Create | Villager (Male) |
| 5:02 | Create | Villager (Male) |
| 5:44 | Build | Mill |
| 5:55 | Create | Villager (Male) |
| 5:55 | Create | Villager (Male) |
| 5:55 | Create | Villager (Male) |
| 6:49 | Create | Villager (Male) |
| 6:51 | Create | Villager (Male) |
| 7:17 | Build | House |
| 7:29 | Create | Villager (Male) |
| 8:04 | Create | Villager (Male) |
| 8:19 | Create | Villager (Male) |
| 8:51 | Create | Villager (Male) |
| 9:07 | Create | Villager (Male) |
| 9:15 | Build | Mill |
| 9:20 | Create | Villager (Male) |
| 9:43 | Create | Villager (Male) |
| 10:44 | Build | Lumber Camp |
| 10:47 | Create | Villager (Male) |
| 11:10 | Create | Villager (Male) |
| 11:17 | Research | Feudal Age |
| 11:31 | Build | House |
| 11:55 | Build | Mill |
| 12:41 | Build | Mining Camp |
| 12:51 | Build | House |
| 13:14 | Create | Villager (Male) |
| 13:15 | Create | Villager (Male) |
| 13:27 | Build | House |
| 13:28 | Build | House |
| 13:35 | Build | Barracks |
| 13:55 | Age | Feudal Age |
| 13:57 | Create | Villager (Male) |
| 14:36 | Build | Blacksmith |
| 14:51 | Create | Villager (Male) |
| 15:05 | Build | Palisade Wall |
| 15:25 | Create | Villager (Male) |
| 15:36 | Build | Stable |
| 15:48 | Create | Villager (Male) |
| 16:18 | Research | Castle Age |
| 16:38 | Build | House |
| 16:56 | Create | Scout Cavalry |
| 17:19 | Create | Scout Cavalry |
| 17:51 | Build | Palisade Wall |
| 17:55 | Build | House |
| 17:59 | Build | Palisade Wall |
| 18:00 | Build | Palisade Wall |
| 18:07 | Create | Villager (Male) |
| 18:18 | Build | Watch Tower |
| 18:28 | Build | House |
| 18:30 | Build | House |
| 19:05 | Age | Castle Age |
| 19:23 | Create | Villager (Male) |
| 19:30 | Create | Villager (Male) |
| 19:44 | Build | University |
| 20:00 | Build | Castle |
| 20:12 | Build | House |
| 20:58 | Create | Villager (Male) |
| 21:01 | Build | Siege Workshop |
| 21:08 | Create | Villager (Male) |
| 21:15 | Create | Villager (Male) |
| 21:15 | Create | Villager (Male) |
| 21:18 | Create | Huskarl |
| 21:18 | Create | Huskarl |
| 21:18 | Create | Huskarl |
| 21:19 | Create | Huskarl |
| 21:44 | Build | Farm |
| 21:44 | Build | Farm |
| 21:45 | Build | Farm |
| 21:46 | Build | Farm |
| 21:52 | Create | Villager (Male) |
| 21:53 | Create | Villager (Male) |
| 21:56 | Build | Farm |
| 21:57 | Build | Farm |
| 22:00 | Build | Farm |
| 22:08 | Create | Villager (Male) |
| 22:18 | Build | House |
| 22:19 | Build | House |
| 22:21 | Build | House |
| 22:25 | Create | Villager (Male) |
| 22:46 | Create | Villager (Male) |
| 22:49 | Create | Battering Ram |
| 23:13 | Create | Villager (Male) |
| 23:33 | Create | Villager (Male) |
| 23:36 | Create | Villager (Male) |
| 23:43 | Build | Watch Tower |
| 23:57 | Create | Villager (Male) |
| 24:13 | Create | Villager (Male) |
| 24:36 | Create | Villager (Male) |
| 24:41 | Build | Mining Camp |
| 25:06 | Create | Villager (Male) |
| 25:30 | Build | Archery Range |
| 25:31 | Build | Archery Range |
| 25:33 | Build | Archery Range |
| 25:34 | Create | Villager (Male) |
| 25:34 | Create | Villager (Male) |
| 25:34 | Create | Villager (Male) |
| 26:27 | Research | Double-Bit Axe |
| 26:28 | Create | Villager (Male) |
| 26:40 | Build | Palisade Wall |
| 26:58 | Build | Town Center |
| 27:16 | Create | Villager (Male) |
| 27:22 | Create | Villager (Male) |
| 27:22 | Create | Villager (Male) |
| 27:28 | Create | Archer ×5 |
| 27:29 | Create | Archer ×5 |
| 27:29 | Create | Archer ×2 |
| 27:29 | Create | Archer ×2 |
| 27:53 | Build | Palisade Wall |
| 27:59 | Research | Town Watch |
| 28:00 | Create | Villager (Male) |
| 28:09 | Create | Villager (Male) |
| 28:28 | Build | Lumber Camp |
| 28:44 | Create | Villager (Male) |
| 29:03 | Create | Archer ×5 |
| 29:05 | Create | Villager (Male) |
| 29:05 | Create | Villager (Male) |
| 29:22 | Build | Town Center |
| 29:37 | Research | Crossbowman (upgrade) |
| 29:39 | Create | Villager (Male) |
| 29:39 | Create | Villager (Male) |
| 29:48 | Build | Farm |
| 29:49 | Build | Farm |
| 29:57 | Build | Farm |
| 30:15 | Create | Villager (Male) |
| 30:17 | Research | Wheelbarrow |
| 30:37 | Create | Mangonel |
| 32:05 | Build | Mining Camp |
| 32:08 | Research | Hand Cart |
| 32:12 | Create | Villager (Male) |
| 32:24 | Build | Mill |
| 32:37 | Create | Archer ×5 |
| 32:38 | Create | Archer ×5 |
| 32:48 | Build | Mining Camp |
| 32:54 | Build | House |
| 32:57 | Create | Villager (Male) |
| 32:59 | Create | Villager (Male) |
| 33:16 | Create | Villager (Male) |
| 33:21 | Build | Farm |
Match timeline
| 8:44 | JPP1998 · first_building Barracks |
| 9:18 | Froztyfeet · wall_segment Palisade Wall x2 |
| 9:35 | Geosim · first_building Barracks |
| 9:49 | Geosim · wall_segment Palisade Wall x8 |
| 11:32 | Froztyfeet · first_building Barracks |
| 13:05 | simirfan · first_building Barracks |
| 13:23 | Froztyfeet · age_up feudal |
| 13:35 | 洗勒烤喔 · first_building Barracks |
| 13:36 | Froztyfeet · first_building Stable |
| 13:49 | JPP1998 · wall_segment Palisade Wall x1 |
| 13:55 | 洗勒烤喔 · age_up feudal |
| 14:46 | M.S. · age_up feudal |
| 15:04 | JPP1998 · age_up feudal |
| 15:05 | 洗勒烤喔 · wall_segment Palisade Wall x3 |
| 15:27 | simirfan · age_up feudal |
| 15:36 | Geosim · age_up feudal |
| 15:36 | 洗勒烤喔 · first_building Stable |
| 15:43 | JPP1998 · first_building Stable |
| 15:47 | Froztyfeet · wall_segment Palisade Wall x5 |
| 15:49 | Geosim · first_building Stable |
| 15:49 | Froztyfeet · wall_segment Palisade Wall x4 |
| 16:17 | Froztyfeet · wall_segment Palisade Wall x5 |
| 17:50 | Froztyfeet · age_up castle |
| 17:51 | 洗勒烤喔 · wall_segment Palisade Wall x1 |
| 17:59 | 洗勒烤喔 · wall_segment Palisade Wall x1 |
| 18:00 | 洗勒烤喔 · wall_segment Palisade Wall x1 |
| 18:34 | M.S. · first_market_buy 100 stone |
| 18:42 | M.S. · age_up castle |
| 18:51 | Froztyfeet · first_building Castle |
| 19:05 | 洗勒烤喔 · age_up castle |
| 19:48 | M.S. · first_building Castle |
| 19:49 | JPP1998 · age_up castle |
| 20:00 | 洗勒烤喔 · first_building Castle |
| 20:58 | M.S. · first_building Siege Workshop |
| 21:01 | 洗勒烤喔 · first_building Siege Workshop |
| 21:35 | Geosim · age_up castle |
| 21:36 | Geosim · tribute_sent a jugador 1 |
| 21:36 | Geosim · tribute_sent a jugador 2 |
| 21:36 | Geosim · tribute_sent a jugador 4 |
| 21:36 | Geosim · tribute_sent a jugador 5 |
| 21:36 | Geosim · tribute_sent a jugador 6 |
| 21:39 | simirfan · wall_segment Stone Wall x6 |
| 21:43 | simirfan · wall_segment Stone Wall x15 |
| 21:45 | simirfan · wall_segment Stone Wall x9 |
| 21:54 | simirfan · first_market_sell 100 wood |
| 21:57 | simirfan · first_market_buy 100 food |
| 22:06 | M.S. · first_market_sell 100 food |
| 22:38 | simirfan · wall_segment Stone Wall x5 |
| 24:31 | Froztyfeet · first_building Siege Workshop |
| 24:43 | simirfan · age_up castle |
| 24:50 | simirfan · first_building Siege Workshop |
| 24:57 | Froztyfeet · wall_segment Stone Wall x1 |
| 24:58 | Froztyfeet · wall_segment Stone Wall x1 |
| 25:30 | 洗勒烤喔 · first_building Archery Range |
| 26:40 | 洗勒烤喔 · wall_segment Palisade Wall x1 |
| 27:06 | Geosim · first_building Castle |
| 27:12 | Geosim · first_market_buy 100 stone |
| 27:28 | JPP1998 · first_building Castle |
| 27:53 | 洗勒烤喔 · wall_segment Palisade Wall x1 |
| 28:35 | simirfan · first_building Monastery |
| 29:01 | simirfan · wall_segment Stone Wall x18 |
| 29:36 | Geosim · first_building Monastery |
| 33:01 | Geosim · wall_segment Stone Wall x1 |
| 33:35 | Froztyfeet · first_market_sell 100 wood |
| 34:34 | Froztyfeet · wall_segment Palisade Wall x4 |
| 35:37 | JPP1998 · age_up imperial |
| 36:27 | Geosim · first_market_sell 500 stone |
| 36:37 | Geosim · age_up imperial |
| 36:49 | Froztyfeet · age_up imperial |
| 38:38 | 洗勒烤喔 · age_up imperial |
| 38:50 | simirfan · first_building Castle |
| 39:51 | Geosim · first_building Archery Range |
| 40:18 | M.S. · first_building Monastery |
| 40:34 | M.S. · first_building Barracks |
| 41:30 | M.S. · first_building Stable |
| 41:41 | simirfan · wall_segment Stone Wall x4 |
| 41:49 | M.S. · first_building Archery Range |
| 42:52 | 洗勒烤喔 · first_market_sell 500 wood |
| 43:07 | M.S. · age_up imperial |
| 44:08 | Geosim · resign |
| 46:48 | 洗勒烤喔 · wall_segment Palisade Wall x1 |
| 46:49 | 洗勒烤喔 · wall_segment Palisade Wall x1 |
| 46:51 | 洗勒烤喔 · wall_segment Palisade Wall x1 |
[ AI ANALYSIS · 1 CREDIT ]
What really happened in this match?
Wolo.gg analyzes every decision: build order, eco, micro, common mistakes by bracket. Personalized analysis on WhatsApp or Discord in 30 seconds.
Civ guide
Celts
Map guide
African Clearing
Perfil
simirfan